 Dungeon Crawl Stone Soup version 0.30.1-4-g462c640d31 (webtiles) character file.

Game seed: 8044211063073762116

24 Almogavar the Thaumaturge (level 3, 0/25 HPs)
             Began as a Gnoll Wanderer on Sept 13, 2023.
             Killed by nerve-wracking pain
             ... invoked by Jessica
              (8 damage)
             ... on level 2 of the Dungeon.
             The game lasted 00:03:09 (1074 turns).

Almogavar the Thaumaturge (Gnoll Wanderer)          Turns: 1074, Time: 00:03:09

Health: 0/25       AC:  2    Str: 12    XL:     3   Next: 2%
Magic:  13/13      EV: 11    Int: 11    God:
Gold:   57         SH:  0    Dex: 12    Spells: 19/20 levels left

rFire   . . .        a - +0 quarterstaff
rCold   . . .        (shield currently unavailable)
rNeg    . . .        e - +0 robe
rPois   .            (no helmet)
rElec   .            (no cloak)
rCorr   .            (no gloves)
SInv    .            (no boots)
Will    .....        (no amulet)
Stlth   +            (no ring)
HPRegen 0.24/turn    (no ring)
MPRegen 0.13/turn

%: no passive effects
@: slowed, very slow
A: fangs 1, strong nose, distributed training
a: no special abilities


You were on level 2 of the Dungeon.
You visited 1 branch of the dungeon, and saw 2 of its levels.

You collected 57 gold pieces.

Inventory:

Hand Weapons
 a - a +0 quarterstaff (weapon)
 c - a +0 dagger
Missiles
 b - 12 poisoned darts
 g - 4 boomerangs (quivered)
Armour
 e - a +0 robe (worn)
 f - a +0 ring mail
 l - a +0 chain mail
Scrolls
 d - a scroll of fog
 i - a scroll of identify {unknown}
Potions
 h - a potion of attraction {unknown}
 j - a potion of mutation {unknown}
 k - a potion of berserk rage {unknown}


   Skills:
 + Level 0.6 Fighting
 + Level 0.6 Short Blades
 + Level 0.6 Long Blades
 + Level 0.6 Axes
 + Level 0.6 Maces & Flails
 + Level 0.6 Polearms
 + Level 6.5 Staves
 + Level 0.6 Ranged Weapons
 + Level 2.5 Throwing
 + Level 2.5 Armour
 + Level 0.6 Dodging
 + Level 0.6 Stealth
 + Level 0.6 Shields
 + Level 0.6 Unarmed Combat
 + Level 9.3 Spellcasting
 + Level 0.4 Conjurations
 + Level 0.4 Hexes
 + Level 0.4 Summonings
 + Level 0.4 Necromancy
 + Level 0.4 Translocations
 + Level 0.4 Transmutations
 + Level 0.4 Fire Magic
 + Level 0.4 Ice Magic
 + Level 0.4 Air Magic
 + Level 0.4 Earth Magic
 + Level 0.4 Poison Magic
 + Level 0.8 Invocations
 + Level 0.6 Evocations


You had 19 spell levels left.
You knew the following spells:

 Your Spells              Type           Power      Damage    Failure   Level
a - Slow                  Hex            24%        N/A       12%         1

Your spell library contained the following spells:

 Spells                   Type           Power      Damage    Failure   Level
 Ensorcelled Hibernation  Hex/Ice        12%        N/A       17%         2
 Confusing Touch          Hex            6%         N/A       34%         3
 Hailstorm                Conj/Ice       6%         3d4       34%         3


Dungeon Overview and Level Annotations

Branches:
Dungeon (2/15)

Altars:

Annotations:
D:2 Jessica


Innate Abilities, Weirdness & Mutations

You have very sharp teeth.
Your uncanny sense of smell can sniff out nearby items.
Your experience applies equally to all skills.


Message History

Press: ? - help, Q - select action, (/) - cycle Shift-Dir - straight line, f - Jessica
Aim: Jessica, wielding a +0 dagger, wearing a +2 robe of positive energy and carrying a wand of flame (17) (fast, 57% to hit)
You throw a boomerang. The boomerang closely misses Jessica.
The boomerang closely misses the frilled lizard.
Throw: 4 boomerangs
Press: ? - help, Q - select action, (/) - cycle Shift-Dir - straight line, f/p - Jessica
Aim: Jessica, wielding a +0 dagger, wearing a +2 robe of positive energy and carrying a wand of flame (17) (fast, 57% to hit)
You throw a boomerang. The boomerang closely misses Jessica.
The boomerang closely misses the frilled lizard.
Jessica casts a spell.
Jessica blinks!
Unknown command.
Throw: 4 boomerangs
Press: ? - help, Q - select action, (/) - cycle Shift-Dir - straight line, f - frilled lizard
Aim: a frilled lizard (38% to hit)
You throw a boomerang. The boomerang hits the frilled lizard!
You kill the frilled lizard!
Throw: 4 boomerangs
Press: ? - help, Q - select action, (/) - cycle Shift-Dir - straight line, f - Jessica
Aim: Jessica, wielding a +0 dagger, wearing a +2 robe of positive energy and carrying a wand of flame (17) (fast, 57% to hit)
You throw a boomerang.
The boomerang hits Jessica but does no damage.
Jessica says, "I'm really upset."
Jessica grins evilly.
You barely miss Jessica. Jessica closely misses you.
You hit Jessica.
Jessica is moderately wounded.
Jessica points at you and mumbles some strange words.
Pain shoots through your body!
You hit Jessica.
Jessica is heavily wounded.
Jessica zaps a wand.
The puff of flame misses you. Jessica casts a spell at you.
You feel yourself slow down.
You barely miss Jessica.
Jessica is heavily wounded.
Jessica zaps a wand.
The puff of flame hits you! Jessica gestures at you while chanting.
Pain shoots through your body!
You die...

?.. ### ... #>. ..
#.# .. #.# #. #.# ∆
#. #.#
..#<##.###.########
........@@........###
.....).####.#####...
.###### #.#...#.#
#.#...... #.#...#.#
#.##.##.####
#...........
###..##.### #...#.#


You could see Jessica (fast).

Vanquished Creatures
  4 endoplasms (D:1)
  2 giant cockroaches (D:1)
  2 goblins (D:1)
  2 hobgoblins (D:1)
  A quokka (D:1)
  A ball python (D:1)
  A bat (D:1)
  5 frilled lizards
  3 kobolds
  2 rats (D:1)
23 creatures vanquished.

Notes
Turn   | Place    | Note
-------+----------+-------------------------------------------
     0 | D:1      | Reached skill level 9 in Spellcasting
     0 | D:1      | Almogavar the Gnoll Wanderer began the quest for the Orb.
     0 | D:1      | Almogavar set off with the following items: a +0
                  | quarterstaff, 12 poisoned darts, a +0 dagger, a scroll of
                  | fog, a +0 robe; and the following spell memorised: Slow;
                  | and the following spells available to memorise: Ensorcelled
                  | Hibernation, Confusing Touch, Hailstorm.
     0 | D:1      | Reached XP level 1. HP: 13/13 MP: 10/10
    67 | D:1      | Reached XP level 2. HP: 19/19 MP: 12/12
   270 | D:1      | Found a faded altar of an unknown god.
  1061 | D:2      | Reached XP level 3. HP: 25/25 MP: 13/13
  1063 | D:2      | Noticed Jessica
  1074 | D:2      | Killed from afar by Jessica

Illustrated notes

Levels and vault maps discovered:
D:1:      erik_arrival_cave_to_civilisation [erik_arrival_cave_to_hall],
          layout_basic, basic_ecumenical_altar, serial_bayou,
          serial_bayou_lagoon_a, serial_bayou_shore_a, serial_bayou_crossing,
          serial_bayou_shore_b, minmay_circled_x
D:2:      layout_loops_cross, uniq_jessica

Skill      XL: | |
---------------+-+-----
Spellcasting   | |  9.3
Fighting       | |  0.6
Short Blades   | |  0.6
Long Blades    | |  0.6
Axes           | |  0.6
Maces & Flails | |  0.6
Polearms       | |  0.6
Staves         | |  6.5
Ranged Weapons | |  0.6
Throwing       | |  2.5
Armour         | |  2.5
Dodging        | |  0.6
Stealth        | |  0.6
Shields        | |  0.6
Unarmed Combat | |  0.6
Conjurations   | |  0.4
Hexes          | |  0.4
Summonings     | |  0.4
Necromancy     | |  0.4
Translocations | |  0.4
Transmutations | |  0.4
Fire Magic     | |  0.4
Ice Magic      | |  0.4
Air Magic      | |  0.4
Earth Magic    | |  0.4
Poison Magic   | |  0.4
Invocations    | |  0.8
Evocations     | |  0.6

Action                     || total
---------------------------++-------
  Melee: Quarterstaff      ||    58
         Bite              ||     4
  Throw: Boomerang         ||    11
   Stab: Sleeping          ||     1
 Armour: Robe              ||     9
  Dodge: Dodged            ||    27
